 Dungeon Crawl Stone Soup version 0.30-a0-297-g0ec75d9ef4 (webtiles) character file.

Game seed: 2708466658380445572

1074 lonewolfV2 the Ruffian (level 8, -4/75 HPs)
             Began as a Troll Fighter on Oct 20, 2022.
             Was an Initiate of Ru.
             Slain by an ogre
             ... wielding a +0 giant club
              (12 damage)
             ... on level 5 of the Dungeon.
             The game lasted 00:07:27 (3484 turns).

lonewolfV2 the Ruffian (Troll Fighter)              Turns: 3484, Time: 00:07:28

Health: -4/75      AC:  4    Str: 27    XL:     8   Next: 7%
Magic:  7/7        EV:  9    Int:  4    God:    Ru [......]
Gold:   251        SH:  7    Dex:  9    Spells: 7/7 levels left

rFire   . . .      SeeInvis .      - Unarmed
rCold   . . .      Faith    .    b - +0 kite shield
rNeg    . . .      Spirit   .    a - +0 robe
rPois   .          Reflect  .    (helmet restricted)
rElec   .          Harm     .    (no cloak)
rCorr   .          Rampage  .    (gloves unavailable)
Will    .....                    (boots unavailable)
Stlth   +.........               j - amulet of regeneration
HPRegen 1.92/turn                (no ring)
MPRegen 0.10/turn                (no ring)

@: mighty
A: large, unfitting armour, claws 3, regeneration 1, shaggy fur 1, tough skin 1
a: Renounce Religion


You were on level 5 of the Dungeon.
You worshipped Ru.
Ru was noncommittal.
You visited 2 branches of the dungeon, and saw 6 of its levels.

You collected 251 gold pieces.

Inventory:

Armour
 a - a +0 robe (worn)
 b - a +0 kite shield (worn)
Jewellery
 j - an amulet of regeneration (around neck)
Wands
 g - a wand of quicksilver (14) (quivered)
 n - a wand of charming (8)
Scrolls
 d - a scroll of silence {unknown}
 i - 2 scrolls of torment
 l - a scroll of immolation {unknown}
Potions
 c - 2 potions of might
 e - 3 potions of curing {unknown}
 f - 3 potions of degeneration
 h - a potion of lignification {unknown}
 k - a potion of mutation {unknown}
 m - 2 potions of brilliance {unknown}


   Skills:
 + Level 3.2 Fighting
 + Level 3.8 Dodging
 + Level 3.9 Shields
 * Level 7.9 Unarmed Combat


You had 7 spell levels left.
You didn't know any spells.
Your spell library contained the following spells:

 Spells                   Type           Power      Damage    Failure   Level
 Ensorcelled Hibernation  Hex/Ice        0%         N/A       89%         2
 Passwall                 Tmut/Erth      0%         N/A       89%         2
 Swiftness                Air            0%         N/A       98%         3


Dungeon Overview and Level Annotations

Branches:
Dungeon (5/15)             Temple (1/1) D:4

Altars:
Ashenzari
Cheibriados
Dithmenos
Fedhas
Gozag
Hepliaklqana
Kikubaaqudgha
Okawaru
Qazlal
Ru
Sif Muna
Trog
Uskayaw
Vehumet
Wu Jian
Xom
Yredelemnul
Zin

Shops:
D:4 [


Innate Abilities, Weirdness & Mutations

You are too large for most types of armour.
You have claws for hands.
Your natural rate of healing is unusually fast.
You are covered in fur. (AC +1)
You have tough skin. (AC +1)


Message History

You scratch the ogre.
The ogre is lightly wounded.
The ogre barely misses you.
You scratch the ogre.
The ogre is moderately wounded.
The phantom barely misses you.
You claw the ogre!
The ogre is heavily wounded.
The ogre hits you with a +0 giant club! The phantom hits you.
The phantom blinks!
You blink.
The phantom hits you.
The phantom blinks!
You blink.
The phantom hits you.
You miss the phantom. You claw the phantom!
The phantom is severely damaged.
The phantom hits you.
The phantom blinks!
You blink.
You are too injured to fight recklessly!
You barely miss the phantom.
The phantom is severely damaged.
The phantom barely misses you. The phantom hits you.
You closely miss the phantom.
The phantom is severely damaged.
The phantom barely misses you.
You miss the phantom.
The phantom is severely damaged.
The phantom hits you.
The phantom blinks!
You blink.
You closely miss the phantom.
The phantom is severely damaged.
You block the phantom's attack.
You claw the phantom!
You destroy the phantom!
You claw the ogre!
The ogre is severely wounded.
The ogre hits you with a +0 giant club!!
* * * LOW HITPOINT WARNING * * *
You feel very mighty all of a sudden.
You closely miss the ogre.
The ogre is severely wounded.
The ogre hits you with a +0 giant club!
You die...

##.....#.....
##........[.##
##.......$.####
##..............
###...<..$..#....#
##.........###.###.
##.........## ..#
.. #..O.....###
.###.. #..@....## .
#.. #......### #..
#.#####.# .. ## #.#
. ..# .


You could see an ogre.

Vanquished Creatures
  Grinder (D:4)
  An ogre (D:3)
  3 phantoms
  A howler monkey (D:3)
  2 hounds
  A bullfrog skeleton (D:4)
  An orc priest (D:3)
  2 iguanas
  An orc wizard (D:3)
  A scorpion zombie (D:4)
  13 gnolls (D:3)
  3 adders
  An ufetubus (D:5)
  2 adder zombies (D:4)
  An adder skeleton (D:4)
  A worm (D:2)
  23 orcs
  5 endoplasms
  9 giant cockroaches
  7 goblins
  7 hobgoblins
  16 jackals (D:3)
  A quokka (D:2)
  8 ball pythons
  4 bats
  A frilled lizard (D:1)
  9 kobolds
  A quokka zombie (D:4)
  3 rats (D:1)
129 creatures vanquished.

Vanquished Creatures (others)
  A plant (D:3)
1 creature vanquished.

Grand Total: 130 creatures vanquished

Notes
Turn   | Place    | Note
-------+----------+-------------------------------------------
     0 | D:1      | lonewolfV2 the Troll Fighter began the quest for the Orb.
     0 | D:1      | Reached XP level 1. HP: 22/22 MP: 0/0
   131 | D:1      | Reached XP level 2. HP: 29/29 MP: 1/1
   711 | D:2      | Reached XP level 3. HP: 36/36 MP: 2/2
  1167 | D:2      | Reached skill level 3 in Unarmed Combat
  1400 | D:3      | Reached XP level 4. HP: 44/44 MP: 3/3
  1592 | D:3      | Noticed an ogre
  1838 | D:3      | Reached skill level 4 in Unarmed Combat
  1838 | D:3      | Reached XP level 5. HP: 47/52 MP: 4/4
  1986 | D:3      | Reached XP level 6. HP: 47/59 MP: 5/5
  1994 | D:3      | Reached skill level 5 in Unarmed Combat
  2322 | D:3      | Found a faded altar of an unknown god.
  2509 | D:4      | Found Ciprofuofe's Armour Shoppe.
  2577 | D:4      | Found a staircase to the Ecumenical Temple.
  2582 | D:4      | Reached skill level 6 in Unarmed Combat
  2591 | D:4      | Reached XP level 7. HP: 63/67 MP: 6/6
  2618 | Temple   | Entered the Ecumenical Temple
  2804 | Temple   | Became a worshipper of Ru the Awakened
  2950 | D:4      | Found a shimmering blue altar of Sif Muna.
  3089 | D:4      | Noticed Grinder
  3090 | D:4      | Paralysed by Grinder for 2 turns
  3101 | D:4      | Killed Grinder
  3102 | D:4      | Reached skill level 7 in Unarmed Combat
  3422 | D:5      | Entered Level 5 of the Dungeon
  3446 | D:5      | Reached XP level 8. HP: 73/75 MP: 7/7
  3484 | D:5      | Slain by an ogre

Illustrated notes

Levels and vault maps discovered:
D:1:      minmay_arrival_wavy_path, layout_loops_cross, minmay_worlds_worst_comb
D:2:      layout_basic
D:3:      lemuel_castle_with_subvaults [lemuel_castle_interior_carwin_2],
          layout_basic, hellmonk_ecumenical_altar_heavens_door
D:4:      layout_loops_ring, nicolae_sif_muna_condensation,
          minmay_temple_entry_arrows, serial_shops, nicolae_stop_n_shop_2,
          serial_undead, serial_undead_c, serial_undead_c, serial_undead_f,
          serial_undead_d, serial_undead_f, serial_undead_c, uniq_grinder
D:5:      layout_cave_pods, elyvilon_altar_1, chequers_decorated_corner
Temple:   minmay_crystal_spiral_temple

Skill      XL: |  1  2  3  4  5  6  7 |
---------------+----------------------+-----
Shields        | 3 |  3.9
Unarmed Combat | 3 4 6 7 |  7.9
Dodging        | 3 |  3.8
Fighting       | 3 |  3.2

Action                   |  1- 3 |  4- 6 |  7- 9 || total
-------------------------+-------+-------+-------++-------
Melee: Unarmed           |   120 |   172 |    95 ||   387
  Use: Scroll            |     5 |     3 |       ||     8
       Potion            |       |       |     1 ||     1
 Stab: Sleeping          |     1 |       |       ||     1
Armor: Robe              |    43 |    38 |    16 ||    97
Dodge: Dodged            |    40 |    56 |    23 ||   119
Block: Kite shield       |    60 |    60 |    18 ||   138

Table legend: (Time is in decaauts)
 A = Elapsed time spent in this place.
 B = Non-inter-level travel time spent in this place.
 C = Inter-level travel time spent in this place.
 D = Time resting spent in this place.
 E = Time spent auto-exploring this place.
 F = Levels seen in this place.
 G = Mean time per level.
                   A        B        C        D        E       F      G
               +--------+--------+--------+--------+--------+-----+--------+
         Total |   3514 |   3361 |    153 |    174 |   2076 |   6 |  585.7 |
       Dungeon |   3267 |   3200 |     67 |    174 |   1967 |   5 |  653.4 |
        Temple |    246 |    160 |     86 |      0 |    109 |   1 |  246.0 |
               +--------+--------+--------+--------+--------+-----+--------+

Top non-repeatable levels by time:
     D:3: 1218 daAuts
     D:1: 688 daAuts
     D:4: 667 daAuts
     D:2: 631 daAuts
  Temple: 246 daAuts
     D:5: 61 daAuts
